Map: Waterfall

Players

SPQR - Winner!

  • Race: Zerg Zerg
  • League: Diamond
  • Spawn Location: 7:00

ZaDonbass

  • Race: Terran Terran
  • Spawn Location: 1:00

VOD

Have the link to the VOD?

Description

Time

  • Played on: Jan. 13, 2023, 5:28 p.m.
  • Length: 21:34
Show
View Real Time Build Order
Export as new Build Order

SPQR Zerg - Winner!

Build Orders: Hatch First 

Get SALT Encoding   

  12  0:00  Drone  
  13  0:13  Overlord  
  13  0:17  Drone  
  14  0:31  Drone x2  
  16  0:41  Drone  
  17  0:48  Drone  
  18  0:59  Drone  
  18  1:02  Hatchery  
  18  1:03  Extractor  
  17  1:11  Drone  
  18  1:19  Spawning Pool  
  18  1:22  Drone  
  18  1:32  Drone  
  19  1:50  Overlord  
  19  1:57  Drone  
  20  2:07  Queen  
  22  2:15  Queen  
  24  2:20  Zergling x2  
  24  2:21  Zergling x2  
  26  2:23  Drone  
  26  2:24  Drone  
  26  2:27  Metabolic Boost  
  28  2:31  Drone  
  29  2:39  Drone x2  
  31  2:46  Hatchery  
  31  2:47  Queen  
  32  2:51  Queen  
  34  3:03  Overlord  
  34  3:12  Drone x2  
  36  3:21  Overlord  
  36  3:26  Zergling x2  
  36  3:27  Zergling x14  
  44  3:42  Queen  
  48  3:49  Baneling Nest  
  44  4:05  Drone  
  44  4:06  Drone x12  
  56  4:16  Lair  
  56  4:25  Extractor  
  55  4:36  Spore Crawler  
  55  4:37  Spore Crawler  
  55  4:38  Spore Crawler  
  52  4:51  Overlord  
  52  4:52  Overlord x3  
  52  4:57  Drone x2  
  52  4:58  Drone x2, Hatchery  
  55  5:00  Drone  
  56  5:19  Overlord  
  56  5:22  Spire  
  56  5:27  Extractor x2  
  56  5:28  Extractor, Drone x7  
  54  5:30  Extractor  
  54  5:34  Drone x3  
  61  5:40  Centrifugal Hooks  
  61  6:07  Drone x3  
  61  6:08  Drone x8  
  72  6:19  Overseer  
  72  6:20  Overseer  
  72  6:23  Pneumatized Carapace  
  72  6:27  Overlord  
  72  6:28  Overlord x3  
  72  6:40  Mutalisk x4  
  80  6:56  Mutalisk x3  
  86  7:07  Evolution Chamber  
  86  7:08  Evolution Chamber x2  
  84  7:13  Mutalisk x2  
  84  7:14  Mutalisk  
  89  7:16  Zergling x20  
  99  7:25  Queen  
  99  7:27  Drone x2  
  103  7:42  Mutalisk  
  103  7:43  Mutalisk x4  
  113  7:54  Spore Crawler x2  
  113  7:56  Queen x2  
  115  8:02  Zerg Missile Weapons Level 1  
  115  8:12  Spore Crawler x2  
  113  8:13  Spore Crawler  
  108  8:27  Corruptor, Overlord  
  108  8:28  Corruptor x2  
  113  8:41  Zerg Ground Armor Level 1  
  113  8:45  Spire, Zerg Flyer Weapons Level 1  
  112  9:01  Drone x11  
  123  9:07  Overlord  
  123  9:08  Zerg Melee Weapons Level 1  
  123  9:41  Corruptor x7  
  137  9:51  Hydralisk Den  
  136  9:53  Overlord  
  136  9:54  Overlord x3  
  136  10:16  Corruptor x5  
  146  10:25  Zerg Flyer Armor Level 1  
  146  10:26  Zerg Missile Weapons Level 2  
  146  10:29  Grooved Spines  
  145  10:44  Hatchery  
  145  10:46  Hydralisk x5  
  154  11:08  Zerg Melee Weapons Level 2, Zerg Ground Armor Level 2  
  154  11:15  Hatchery  
  153  11:18  Drone  
  153  11:19  Drone x9  
  163  11:27  Hydralisk x2  
  166  11:41  Muscular Augments  
  165  11:53  Extractor  
  164  11:57  Extractor  
  164  11:58  Drone x19  
  182  12:07  Overlord  
  182  12:08  Overlord x3  
  166  12:20  Hydralisk x4  
  166  12:21  Hydralisk  
  175  12:33  Spine Crawler  
  175  12:34  Spine Crawler  
  175  12:36  Spine Crawler  
  172  12:37  Spine Crawler  
  172  12:38  Drone  
  172  12:39  Drone x6  
  178  12:48  Spore Crawler  
  178  12:49  Extractor, Spore Crawler  
  178  12:50  Spore Crawler  
  174  12:51  Spore Crawler  
  174  12:52  Extractor  
  172  13:06  Hydralisk  
  172  13:07  Hydralisk x9  
  192  13:17  Zerg Flyer Weapons Level 2, Zerg Flyer Armor Level 2  
  191  13:21  Zergling x8  
  191  13:22  Zergling x8  
  199  13:31  Infestation Pit  
  192  13:49  Zergling x6  
  192  13:50  Zergling x10  
  200  14:18  Hive  
  200  14:24  Zergling x16  
  188  14:33  Hydralisk x7  
  188  14:34  Hydralisk x3  
  191  14:42  Hatchery  
  153  14:46  Hydralisk x6, Hatchery  
  157  14:53  Hydralisk  
  157  14:54  Hydralisk x5  
  169  15:04  Hydralisk x4  
  173  15:07  Queen x2  
  173  15:08  Queen  
  179  15:27  Hydralisk x6  
  191  15:30  Hatchery  
  180  15:52  Hydralisk x9  
  180  15:53  Hydralisk  
  180  15:55  Overlord  
  194  16:01  Extractor  
  175  16:18  Zergling x2  
  175  16:19  Zergling x32  
  187  16:56  Zerg Missile Weapons Level 3, Zerg Ground Armor Level 3, Zerg Melee Weapons Level 3  
  187  16:59  Adrenal Glands  
  167  17:02  Hydralisk x9  
  171  17:09  Lurker Den  
  165  17:37  Hydralisk  
  165  17:38  Hydralisk x12  
  191  17:44  Viper x2  
  145  18:17  Drone x8  
  143  18:22  Drone x6  
  131  18:37  Hydralisk x9  
  131  18:38  Hydralisk x4  
  137  18:53  Seismic Spines  
  129  19:10  Hatchery  
  129  19:11  Hydralisk  
  129  19:12  Hydralisk x4  
  138  19:19  Hatchery  
  137  19:44  Extractor, Hydralisk x2  
  137  19:45  Hydralisk x10  
  154  19:47  Extractor  
  159  19:54  Zergling x2  
  159  19:57  Burrow  
  160  20:00  Viper  
  160  20:01  Viper x3  
  172  20:20  Hydralisk x7  
  172  20:21  Hydralisk  
  188  21:03  Hydralisk x2  
  188  21:04  Hydralisk x4  
Show
View Real Time Build Order
Export as new Build Order

ZaDonbass Terran 

Build Orders:  

Get SALT Encoding   

  12  0:00  SCV  
  13  0:12  SCV  
  14  0:17  Supply Depot  
  14  0:25  Refinery  
  15  0:28  SCV  
  15  0:41  Barracks  
  15  0:45  SCV  
  16  0:57  SCV  
  17  1:09  SCV  
  18  1:21  SCV  
  19  1:28  Barracks Reactor  
  19  1:33  Orbital Command  
  19  1:53  Command Center  
  19  2:00  Factory  
  19  2:07  Refinery  
  19  2:16  Supply Depot  
  19  2:18  Marine  
  19  2:19  Marine  
  21  2:29  SCV  
  22  2:41  Marine x2, SCV  
  25  2:46  Starport  
  24  2:54  SCV  
  25  3:06  Barracks Tech Lab  
  25  3:07  Orbital Command  
  25  3:18  Hellion x2  
  29  3:27  Fusion Core  
  29  3:35  Orbital Command  
  29  3:41  Hellion x2  
  33  3:48  SCV  
  34  4:00  SCV  
  35  4:09  Hellion x2  
  34  4:22  Battlecruiser  
  40  4:35  Command Center  
  40  4:38  Supply Depot  
  40  4:57  Supply Depot  
  40  5:00  Refinery x2  
  40  5:04  Supply Depot  
  40  5:09  Starport  
  39  5:17  SCV  
  39  5:18  SCV, Factory Tech Lab  
  41  5:22  Weapon Refit  
  41  5:30  SCV  
  48  5:43  Battlecruiser  
  48  6:07  Battlecruiser  
  54  6:14  Orbital Command  
  54  6:22  Engineering Bay  
  54  6:28  Bunker  
  54  6:34  Bunker  
  54  6:36  Factory Tech Lab  
  54  6:41  Factory  
  54  6:46  SCV  
  54  6:47  SCV x2  
  57  6:58  SCV  
  57  6:59  Missile Turret  
  58  7:01  SCV  
  58  7:03  Missile Turret  
  59  7:22  Starport Reactor  
  59  7:23  SCV x2  
  59  7:24  SCV  
  62  7:32  Armory  
  62  7:33  Armory  
  62  7:35  SCV x2  
  62  7:36  SCV  
  65  7:48  Starport Tech Lab  
  65  7:52  Factory  
  65  7:56  Factory  
  65  7:58  Missile Turret  
  65  7:59  Missile Turret  
  65  8:10  Missile Turret, Neosteel Armor  
  65  8:11  Missile Turret  
  59  8:44  Terran Vehicle And Ship Armor Level 1, Terran Vehicle Weapons Level 1  
  59  8:45  Thor  
  59  8:46  Thor  
  59  8:48  Widow Mine x2  
  75  9:13  Factory  
  75  9:17  Factory  
  75  9:22  Thor  
  83  9:24  Hellion  
  83  9:28  Infernal Pre-Igniter  
  83  9:34  SCV  
  83  9:35  SCV  
  85  9:58  Supply Depot  
  85  10:01  Hi-Sec Auto Tracking  
  85  10:04  Supply Depot  
  85  10:15  Supply Depot  
  85  10:17  Supply Depot  
  85  10:19  Missile Turret, Thor, SCV  
  92  10:21  Missile Turret x2  
  92  10:25  Thor  
  98  10:30  Orbital Command  
  98  10:36  Missile Turret x2  
  98  10:38  Missile Turret  
  98  10:41  Missile Turret  
  98  10:42  Refinery  
  98  10:47  Thor  
  104  10:55  Supply Depot  
  104  10:59  Refinery  
  104  11:00  Supply Depot  
  104  11:07  SCV x3  
  107  11:13  Command Center  
  107  11:19  SCV x2  
  109  11:30  SCV  
  109  11:31  SCV  
  111  11:40  Siege Tank  
  111  11:41  Siege Tank, Thor x2  
  111  11:44  Terran Vehicle Weapons Level 2  
  113  12:26  Thor x2  
  113  12:27  Thor  
  113  12:28  Siege Tank  
  134  12:45  Command Center  
  134  12:55  SCV x2  
  134  12:56  SCV  
  137  13:05  Supply Depot  
  137  13:06  Sensor Tower  
  137  13:25  Supply Depot  
  137  13:30  Thor  
  137  13:31  Supply Depot  
  137  13:32  Hellion  
  145  13:55  Thor x2  
  155  14:11  Siege Tank  
  155  14:13  Siege Tank  
  142  14:38  Siege Tank  
  118  15:01  Thor  
  118  15:02  Hellion x4  
  132  15:20  Thor  
  138  16:01  Thor x2  
  150  16:23  Planetary Fortress  
  150  17:01  Siege Tank x4  
  122  17:03  Hellion x4  
  83  17:24  Hellion x2  
  73  17:33  Siege Tank x2  
  73  17:34  Siege Tank x2  
  69  18:05  Siege Tank  
  51  18:06  Siege Tank  
  51  18:07  Hellion  
  34  18:57  Orbital Command  
  34  19:38  Siege Tank  
  37  20:10  Orbital Command  
  37  20:31  Refinery  
  37  20:41  Command Center  
  37  20:56  Hellion x2  
  37  20:57  Hellion x3  
Tags
 
League
Diamond
Matchup
TvZ
Spawn Locations
Cross Positions
Add a new tag
Caveats
  • Supply blocks, unpowered buildings, or Contaminate may cause inaccurate times.
  • Supply counts are checked every 10 seconds.